 Dungeon Crawl Stone Soup version 0.28.0-45-g0d030f2227 (webtiles) character file.

Game seed: 15076069082978813863

630 Ablot the Cutter (level 7, -12/90 HPs)
             Began as a Gnoll Chaos Knight on Apr 20, 2022.
             Was a Plaything of Xom.
             Killed from afar by a shock serpent (glowing shapeshifter) (17 damage)
             ... with a bolt of electricity
             ... on level 4 of the Dungeon.
             The game lasted 00:05:37 (3999 turns).

Ablot the Cutter (Gnoll Chaos Knight)               Turns: 3999, Time: 00:05:39

Health: -12/90     AC: 23    Str: 13      XL:     7   Next: 48%
Magic:  10/10      EV:  2    Int: 11 (12) God:    Xom [....*.]
Gold:   175        SH:  0    Dex: 11      Spells: 9/11 levels left

rFire   . . .      SeeInvis .   a - +0 short sword (chaos)
rCold   . . .      Faith    +   (no shield)
rNeg    . . .      Spirit   .   (armour currently unavailable)
rPois   +          Reflect  .   (helmet currently unavailable)
rElec   .          Harm     .   (cloak currently unavailable)
rCorr   +          Rampage  .   (gloves currently unavailable)
Will    .....      NoTele   +   (boots currently unavailable)
Stlth   ++........              t - amulet of faith
HPRegen 0.25/turn               g - ring of resist corrosion
MPRegen 0.12/turn               x - +4 ring of slaying

@: tree-form
A: stationary, stasis, torment immunity, boosted hp, (fangs 1), strong nose,
distributed training, deterioration 1
a: Renounce Religion


You were on level 4 of the Dungeon.
You worshipped Xom.
You were a beloved toy of Xom.
You were a tree.
You visited 1 branch of the dungeon, and saw 4 of its levels.

You collected 175 gold pieces.

Inventory:

Hand Weapons
 a - a +0 short sword of chaos (weapon)
Missiles
 c - 109 stones
 i - 6 boomerangs (quivered)
 q - 33 arrows
 u - 26 sling bullets
Armour
 b - a +2 leather armour (melded)
Magical Staves
 n - a staff of cold
 w - a staff of air
Jewellery
 g - a ring of resist corrosion (left branch)
 t - an amulet of faith (around neck)
 x - a +4 ring of slaying (right branch)
 y - an amulet of the acrobat
Wands
 A - a wand of acid (7)
Scrolls
 d - 3 scrolls of amnesia {unknown}
 k - 2 scrolls of fear {unknown}
 l - a scroll of enchant weapon {unknown}
 m - 3 scrolls of identify {unknown}
 o - a scroll of enchant armour {unknown}
 p - 2 scrolls of teleportation {unknown}
 s - a scroll of noise {unknown}
 v - a scroll of magic mapping {unknown}
Potions
 e - a potion of magic
 f - a potion of flight {unknown}
 h - 2 potions of heal wounds {unknown}
 j - a potion of lignification
 r - a potion of haste {unknown}
 z - a potion of invisibility {unknown}


   Skills:
 + Level 7.0 Fighting
 + Level 7.0 Short Blades
 + Level 2.5 Long Blades
 + Level 2.5 Axes
 + Level 2.5 Maces & Flails
 + Level 2.5 Polearms
 + Level 2.5 Staves
 + Level 2.5 Slings
 + Level 2.5 Bows
 + Level 2.5 Crossbows
 + Level 2.5 Throwing
 + Level 5.2 Armour
 + Level 3.6 Dodging
 + Level 2.5 Stealth
 + Level 2.5 Shields
 + Level 2.5 Unarmed Combat
 + Level 2.5 Spellcasting
 + Level 2.0 Conjurations
 + Level 2.0 Hexes
 + Level 2.0 Summonings
 + Level 2.0 Necromancy
 + Level 2.0 Translocations
 + Level 2.0 Transmutations
 + Level 2.0 Fire Magic
 + Level 2.0 Ice Magic
 + Level 2.0 Air Magic
 + Level 2.0 Earth Magic
 + Level 2.0 Poison Magic
 + Level 2.8 Invocations
 + Level 2.5 Evocations


You had 9 spell levels left.
You knew the following spells:

 Your Spells              Type           Power      Damage    Failure   Level
a - Passwall              Tmut/Erth      4%         N/A       19%         2

Your spell library contained the following spells:

 Spells                   Type           Power      Damage    Failure   Level
 Summon Guardian Golem    Hex/Summ       5%         N/A       34%         3
 Petrify                  Tmut/Erth      5%         N/A       75%         4
 Borgnjor's Vile Clutch   Necr/Erth      2%         N/A       97%         5
 Statue Form              Tmut/Erth      3%         N/A       100%        6
 Orb of Destruction       Conj           2%         9d5       100%        7
 Spellforged Servitor     Conj/Summ      2%         N/A       100%        7


Dungeon Overview and Level Annotations

Branches:
Dungeon (4/15)
 Temple: D:4-7

Altars:
Kikubaaqudgha
Ru
Uskayaw
The Shining One

Annotations:
D:4 1 runed translucent door, Crazy Yiuf
Abyss:1 Ijyb


Innate Abilities, Weirdness & Mutations

You are a tree.
Your roots penetrate the ground, keeping you stationary.
You cannot be teleported.
You are immune to unholy pain and torment.
Your maximum health is greatly increased.
Your equipment is partially melded.
((You have very sharp teeth.))
Your uncanny sense of smell can sniff out nearby items.
Your experience applies equally to all skills.
Your body sometimes deteriorates upon taking damage.


Message History

The mana viper resists with almost no effort.
The mana viper is moderately wounded.
The mana viper barely misses you.
You hit the mana viper.
The mana viper is moderately wounded.
The mana viper blinks!
Found 32 bolts.
You are now a beloved toy of Xom.
You hit the mana viper.
The mana viper is moderately wounded.
The mana viper bites you!
A shower of butterflies erupts from you!
You hit the mana viper.
The mana viper suddenly seems more agile.
The mana viper is heavily wounded.
The mana viper changes into an orb spider!
You hit the orb spider. You freeze the orb spider.
The orb spider is lightly wounded.
You hit the orb spider but do no damage.
You punch the orb spider.
The orb spider is lightly wounded.
The orb spider changes into a shock serpent!
You hit the shock serpent.
The shock serpent is lightly wounded.
The shock serpent bites you!
* * * LOW HITPOINT WARNING * * *
The shock serpent shocks you!
* * * LOW HITPOINT WARNING * * *
Unknown command.
It was a potion of magic.
Magic courses through your body.
Xom roars with laughter!
The shock serpent misses you.
Unknown command.
It was a potion of lignification.
You turn into a tree.
Your +2 leather armour melds into your body.
Your roots penetrate the ground.
The shock serpent shoots out a bolt of lightning at you!
The bolt of electricity hits you!
You die...
Xom roars with laughter!

##.###...
##...(....
#.....#..
....... .....#
#...##..#
#.S...... #♣#
#b# ####b####
#.......#
#.##.##.# #
#>.##.# #
#.###.#
#.#.###.# ∆
#.......######


You could see a shock serpent shaped shifter (ally target).

Vanquished Creatures
  A warg (D:3)
  Duvessa (D:4)
  A tengu (D:4)
  A phantom (D:4)
  Dowan (D:4)
  A jelly (D:3)
  Terence (D:2)
  An orc wizard (D:3)
  A howler monkey skeleton (D:4)
  2 adders (D:4)
  An adder skeleton (D:4)
  A worm (D:3)
  A dart slug (D:3)
  6 orcs (D:3)
  A ball python (D:3)
  4 bats
  2 endoplasms
  8 goblins
  4 hobgoblins
  10 jackals
  2 quokkas
  4 frilled lizards
  3 kobolds
  5 rats
63 creatures vanquished.

Notes
Turn   | Place    | Note
-------+----------+-------------------------------------------
     0 | D:1      | Ablot the Gnoll Chaos Knight began the quest for the Orb.
     0 | D:1      | Reached XP level 1. HP: 23/23 MP: 1/1
    26 | D:1      | XOM: silly message
   231 | D:1      | Reached XP level 2. HP: 21/29 MP: 2/2
   238 | D:1      | XOM: potion effect (heal wounds)
   430 | D:1      | XOM: noise
   698 | D:1      | Reached XP level 3. HP: 20/35 MP: 3/3
  1165 | D:2      | Noticed Terence
  1191 | D:2      | Killed Terence
  1192 | D:2      | Reached skill level 1 in Long Blades
  1192 | D:2      | Reached skill level 1 in Axes
  1192 | D:2      | Reached skill level 1 in Maces & Flails
  1192 | D:2      | Reached skill level 1 in Polearms
  1192 | D:2      | Reached skill level 1 in Staves
  1192 | D:2      | Reached skill level 1 in Slings
  1192 | D:2      | Reached skill level 1 in Bows
  1192 | D:2      | Reached skill level 1 in Crossbows
  1192 | D:2      | Reached skill level 1 in Throwing
  1192 | D:2      | Reached skill level 1 in Stealth
  1192 | D:2      | Reached skill level 1 in Shields
  1192 | D:2      | Reached skill level 1 in Unarmed Combat
  1192 | D:2      | Reached skill level 1 in Spellcasting
  1192 | D:2      | Reached skill level 1 in Invocations
  1192 | D:2      | Reached skill level 1 in Evocations
  1421 | D:2      | Reached XP level 4. HP: 40/41 MP: 5/5
  1535 | D:2      | XOM: 5-stop teleportation journey
  1804 | D:2      | XOM: summons 1 hostile demon
  1902 | D:3      | XOM: 1-stop teleportation journey
  2114 | D:3      | Reached skill level 1 in Conjurations
  2114 | D:3      | Reached skill level 1 in Hexes
  2114 | D:3      | Reached skill level 1 in Summonings
  2114 | D:3      | Reached skill level 1 in Necromancy
  2114 | D:3      | Reached skill level 1 in Translocations
  2114 | D:3      | Reached skill level 1 in Transmutations
  2114 | D:3      | Reached skill level 1 in Fire Magic
  2114 | D:3      | Reached skill level 1 in Ice Magic
  2114 | D:3      | Reached skill level 1 in Air Magic
  2114 | D:3      | Reached skill level 1 in Earth Magic
  2114 | D:3      | Reached skill level 1 in Poison Magic
  2229 | D:3      | XOM: stat loss: -1 Str (12/13)
  2233 | D:3      | Noticed Ijyb
  2235 | D:3      | XOM: give mutation
  2235 | D:3      | Gained mutation: Your body sometimes deteriorates upon
                  | taking damage. [Xom's mischief]
  2238 | D:3      | XOM: blink monster(s)
  2242 | D:3      | Banished Ijyb
  2243 | D:3      | Reached XP level 5. HP: 47/47 MP: 7/7
  2312 | D:3      | Noticed a warg
  2312 | D:3      | a worm changed into a warg
  2313 | D:3      | XOM: noise
  2315 | D:3      | Killed a warg
  2316 | D:3      | Reached XP level 6. HP: 42/53 MP: 8/8
  2664 | D:3      | Found a hide-covered altar of Uskayaw.
  2713 | D:3      | XOM: 2-stop teleportation journey
  2782 | D:3      | Found a sacrificial altar of Ru.
  2784 | D:3      | Found an ancient bone altar of Kikubaaqudgha.
  2785 | D:3      | Found a glowing golden altar of the Shining One.
  2973 | D:3      | Found a faded altar of an unknown god.
  3095 | D:3      | XOM: noise
  3326 | D:4      | Reached skill level 5 in Armour
  3366 | D:4      | Noticed a black bear
  3369 | D:4      | a black bear changed into a tengu
  3369 | D:4      | XOM: polymorph black bear -> tengu
  3425 | D:4      | Found a runed translucent door.
  3426 | D:4      | Noticed Crazy Yiuf
  3509 | D:4      | XOM: cast spell 'Death Channel'
  3547 | D:4      | XOM: scenery: summon butterflies
  3553 | D:4      | XOM: 3-stop teleportation journey
  3659 | D:4      | Reached XP level 7. HP: 41/59 MP: 10/10
  3768 | D:4      | Noticed Dowan
  3769 | D:4      | Noticed Duvessa
  3772 | D:4      | XOM: noise
  3774 | D:4      | Killed Dowan
  3779 | D:4      | Killed Duvessa
  3927 | D:4      | Got the Incunabulum of Dark Transmigration
  3962 | D:4      | Learned a level 2 spell: Passwall
  3979 | D:4      | Noticed a glowing shapeshifter
  3979 | D:4      | a giant cockroach changed into a glowing shapeshifter
  3979 | D:4      | Noticed a merfolk
  3979 | D:4      | a glowing shapeshifter changed into a merfolk
  3983 | D:4      | Noticed a torpor snail
  3983 | D:4      | a merfolk changed into a torpor snail
  3985 | D:4      | Noticed a mana viper
  3985 | D:4      | a torpor snail changed into a mana viper
  3992 | D:4      | XOM: butterfly on damage
  3993 | D:4      | Noticed an orb spider
  3993 | D:4      | a mana viper changed into an orb spider
  3996 | D:4      | Noticed a shock serpent
  3996 | D:4      | an orb spider changed into a shock serpent
  3997 | D:4      | HP: 3/60 [shock serpent (glowing shapeshifter) (12)]
  3999 | D:4      | Killed from afar by a shock serpent (glowing shapeshifter)

Illustrated notes

Levels and vault maps discovered:
D:1:      dpeg_arrival_simpleton_a, layout_rooms, minivault_26,
          lemuel_another_geyser
D:2:      layout_rooms, serial_bayou_ford_a, chequers_serial_rivers_marsh,
          serial_bayou_crossing, uniq_terence
D:3:      layout_loops_corners, minitemple, overflow_temple_1_default,
          shapermc_ecumenical_altar_mp_vishouse, st_stairs_14, uniq_ijyb
D:4:      layout_loops_cross, hangedman_decor_slide_cut, minmay_bisected,
          uniq_duvessa, uniq_crazy_yiuf_cottage

Skill      XL: |  1  2  3  4  5  6  7 |
---------------+----------------------+-----
Long Blades    | 1 2 |  2.5
Axes           | 1 2 |  2.5
Maces & Flails | 1 2 |  2.5
Polearms       | 1 2 |  2.5
Staves         | 1 2 |  2.5
Slings         | 1 2 |  2.5
Bows           | 1 2 |  2.5
Crossbows      | 1 2 |  2.5
Throwing       | 1 2 |  2.5
Stealth        | 1 2 |  2.5
Shields        | 1 2 |  2.5
Unarmed Combat | 1 2 |  2.5
Spellcasting   | 1 2 |  2.5
Invocations    | 1 2 |  2.8
Evocations     | 1 2 |  2.5
Conjurations   | 1 2 |  2.0
Hexes          | 1 2 |  2.0
Summonings     | 1 2 |  2.0
Necromancy     | 1 2 |  2.0
Translocations | 1 2 |  2.0
Transmutations | 1 2 |  2.0
Fire Magic     | 1 2 |  2.0
Ice Magic      | 1 2 |  2.0
Air Magic      | 1 2 |  2.0
Earth Magic    | 1 2 |  2.0
Poison Magic   | 1 2 |  2.0
Dodging        | 3 |  3.6
Armour         | 5 |  5.2
Fighting       | 7 |  7.0
Short Blades   | 7 |  7.0

Action                   |  1- 3 |  4- 6 |  7- 9 || total
-------------------------+-------+-------+-------++-------
Melee: Short sword       |   125 |   125 |    28 ||   278
       Bite              |     5 |    12 |     3 ||    20
       Punch             |     1 |     4 |     1 ||     6
Throw: Boomerang         |       |       |     3 ||     3
Evoke: Wand              |       |       |     1 ||     1
  Use: Potion            |       |       |     2 ||     2
 Stab: Sleeping          |       |     2 |       ||     2
       Petrifying        |       |     2 |       ||     2
       Petrified         |       |     1 |       ||     1
Armor: Leather armour    |    77 |    36 |     2 ||   115
Dodge: Dodged            |   134 |    80 |     9 ||   223
